 Dungeon Crawl Stone Soup version 0.23.2-1-ga50397a6bc (webtiles) character file.

Game seed: 8880802825547852503

184 Mrkan the Cudgeler (level 5, -3/46 HPs)
             Began as a Draconian Gladiator on May 27, 2019.
             Was an Initiate of Sif Muna.
             Killed from afar by Duvessa (10 damage)
             ... with a wand of flame (10)
             ... on level 4 of the Dungeon.
             The game lasted 00:06:17 (3020 turns).

Mrkan the Cudgeler (Draconian Gladiator)            Turns: 3020, Time: 00:06:18

Health: -3/46      AC:  6    Str: 17    XL:     5   Next: 36%
Magic:  6/6        EV: 13    Int:  8    God:    Sif Muna [......]
Gold:   175        SH:  0    Dex: 13    Spells: 5/5 levels left

rFire    . . .     SeeInvis .   a - +0 flail
rCold    . . .     Gourm    .   (no shield)
rNeg     . . .     Faith    .   (armour unavailable)
rPois    .         Spirit   .   b - +0 hat
rElec    .         Reflect  .   (no cloak)
rCorr    .         Harm     .   m - +0 pair of gloves
MR       .....                  (no boots)
Stlth    +.........             (no amulet)
HPRegen  0.15/turn              (no ring)
MPRegen  0.10/turn              (no ring)

@: glowing
A: unfitting armour, cold-blooded, AC +5
a: Renounce Religion


You were on level 4 of the Dungeon.
You worshipped Sif Muna.
Sif Muna was noncommittal.
You were not hungry.

You visited 1 branch of the dungeon, and saw 4 of its levels.

You collected 175 gold pieces.

Inventory:

Hand Weapons
 a - a +0 flail (weapon)
Missiles
 c - 3 throwing nets (quivered)
 h - 9 tomahawks
Armour
 b - a +0 hat (worn)
 m - a +0 pair of gloves (worn)
Jewellery
 f - an uncursed ring of positive energy {unknown}
 g - an uncursed ring of stealth {unknown}
 q - an uncursed ring of protection from cold {unknown}
 s - an uncursed ring of magical power {unknown}
Wands
 w - a wand of iceblast (7)
Scrolls
 e - a scroll of teleportation {unknown}
 i - a scroll of blinking {unknown}
 j - 2 scrolls of remove curse {unknown}
 l - 2 scrolls of amnesia {unknown}
 o - 4 scrolls of identify {unknown}
 r - a scroll of enchant armour {unknown}
 v - a scroll of random uselessness {unknown}
Potions
 k - a potion of curing
 n - a potion of degeneration {unknown}
 t - a potion of flight {unknown}
 u - 2 potions of brilliance {unknown}
 x - a potion of berserk rage {unknown}
Comestibles
 d - 9 rations


   Skills:
 + Level 3.8 Fighting
 * Level 5.2 Maces & Flails
 - Level 1.7 Throwing
 - Level 2.6 Dodging
 + Level 0.9 Spellcasting


You had 5 spell levels left.
You didn't know any spells.
Your spell library was empty.

Dungeon Overview and Level Annotations

Branches:
Dungeon (4/15)
 Temple: D:4-7

Altars:
Sif Muna
Wu Jian

Annotations:
D:4 Dowan, Duvessa


Innate Abilities, Weirdness & Mutations

Your plain brown scales are hard. (AC +5)
You cannot fit into any form of body armour.
You are cold-blooded and may be slowed by cold attacks.


Message History

You hit Duvessa.
Duvessa is severely wounded.
Duvessa hits you with a +0 short sword.
You hit Duvessa.
Duvessa is severely wounded.
Duvessa hits you but does no damage.
Dowan points at you and mumbles some strange words.
The puff of flame hits you. Duvessa hits you with a +0 short sword.
You hit Duvessa but do no damage.
Duvessa is severely wounded.
Dowan casts a spell at Duvessa.
Duvessa seems to speed up.
Duvessa zaps a wand.
The puff of flame hits you.
Dowan mumbles some strange words.
Dowan blinks!
Dowan hits you but does no damage.
Duvessa zaps a wand.
The puff of flame hits you!
* * * LOW HITPOINT WARNING * * *
There is a stone staircase leading up here.
Duvessa zaps a wand.
The puff of flame hits you!
You die...

#.#.##
#..###...e).#
####.#####.##
###....#
##..##..#
#.....#
##....##
#..###..#
##...## #.##
....
#....####.#
#....
##.#....#.#
.##.#
##.###.ee..#
## #. ##.##
##.@.## #.##
##..# ###
#.## #.# ###


You could see Duvessa and Dowan.

Vanquished Creatures
  Jessica (D:2)
  7 adders
  A worm (D:3)
  4 dart slugs
  4 leopard geckos
  7 orcs (D:3)
  3 bats
  5 giant cockroaches
  6 goblins
  13 hobgoblins
  7 kobolds
  A quokka (D:2)
  A ball python (D:1)
  7 frilled lizards
  A jackal skeleton (D:4)
  9 rats
77 creatures vanquished.

Notes
Turn   | Place    | Note
-------+----------+-------------------------------------------
     0 | D:1      | Mrkan the Draconian Gladiator began the quest for the Orb.
     0 | D:1      | Reached XP level 1. HP: 17/17 MP: 1/1
   195 | D:1      | Reached XP level 2. HP: 25/25 MP: 2/2
   811 | D:2      | Reached XP level 3. HP: 27/30 MP: 3/3
   874 | D:2      | Reached skill level 4 in Maces & Flails
  1115 | D:2      | HP: 1/31 [poisoned by an adder]
  1398 | D:2      | Noticed Jessica
  1413 | D:2      | Killed Jessica
  1413 | D:2      | Reached XP level 4. HP: 35/38 MP: 4/4
  1757 | D:2      | Found a deep blue altar of Sif Muna.
  1848 | D:2      | Became a worshipper of Sif Muna the Loreminder
  2422 | D:3      | Reached skill level 5 in Maces & Flails
  2422 | D:3      | Reached XP level 5. HP: 44/46 MP: 5/5
  2655 | D:3      | Found an ornate altar of the Wu Jian Council.
  2908 | D:4      | Noticed Duvessa
  3012 | D:4      | Noticed Dowan
  3020 | D:4      | Killed from afar by Duvessa

Skill      XL: |  1  2  3  4 |
---------------+-------------+-----
Maces & Flails | 4 5 |  5.2
Fighting       | 3 |  3.8
Throwing       | |  1.7
Dodging        | |  2.6
Spellcasting   | |  0.9

Action                   |  1- 3 |  4- 6 || total
-------------------------+-------+-------++-------
Melee: Flail             |   118 |   119 ||   237
       Tailslap          |     5 |     7 ||    12
  Use: Potion            |     2 |       ||     2
 Stab: Distracted        |     1 |       ||     1
       Sleeping          |       |     2 ||     2
  Eat: Chunk             |     2 |     5 ||     7
Armor: Skin              |    28 |    26 ||    54
Dodge: Dodged            |    83 |    73 ||   156
